[Event "Team 45 45 League T41"]
[Site "Internet Chess Club"]
[Date "2009.06.08"]
[Round "6"]
[White "john-beebs"]
[Black "stputte"]
[Result "0-1"]
[WhiteElo "1510"]
[BlackElo "1437"]
[Opening "Alekhine's defense: Scandinavian variation"]
[ECO "B02"]
[Time "12:00:06"]
[TimeControl "2700+45"]

1. e4 Nf6 2. Nc3 d5 3. e5 d4 4. exf6 dxc3 5. fxg7 cxd2+ 6. Qxd2 Qxd2+ 7. Bxd2
Bxg7 8. c3 Bf5 9. Nf3 Nd7 10. Bc4 e6 11. O-O O-O-O 12. Be3 a6 13. a4 Rhg8 14.
Bf4 Be4 15. Ng5 Bg6 16. Rfe1 h6 17. Nf3 Nb6 18. Bb3 Nd5 19. Bg3 Bh5 20. Ne5 Bxe5
21. Rxe5 Bg6 22. a5 Bf5 23. Rd1 c6 24. Ree1 Rg6 25. Rd2 Rh8 26. Bc2 Bxc2 27.
Rxc2 h5 28. h4 f5 29. Be5 Rhg8 30. f4 Rg4 31. Bd4 R8g6 32. Rce2 Nxf4 33. Rd2
Rxg2+ 34. Rxg2 Rxg2+ 35. Kf1 Rxb2 36. Be5 Nh3 37. Re3 Nf2 38. c4 Rc2 39. Bf6 Ne4
40. Bg5 Rxc4 41. Rd3 Rc5 42. Rd8+ Kc7 43. Rh8 Kd6 44. Rxh5 b5 45. Rh7 Nxg5 46.
hxg5 f4 47. g6 Rg5 48. Rg7 b4 49. Rg8 Ke5 50. Ke2 Kf6 51. Kf3 Rxg6 52. Rxg6+
Kxg6 {White resigns} 0-1

[Event "Team 45 45 League T41"]
[Site "Internet Chess Club"]
[Date "2009.06.08"]
[Round "6"]
[White "MateIn42"]
[Black "JimGaming"]
[Result "0-1"]
[WhiteElo "1350"]
[BlackElo "1300"]
[Opening "Sicilian: Hungarian variation"]
[ECO "B34"]
[Time "21:34:05"]
[TimeControl "2700+45"]

1. e4 c5 2. Nf3 g6 3. d4 cxd4 4. Nxd4 Nc6 5. Be3 Nf6 6. Nc3 Bg7 7. Be2 O-O 8.
Qd2 a6 9. f4 d6 10. O-O-O Bg4 11. h3 Bxe2 12. Nxc6 bxc6 13. Qxe2 Qa5 14. Kb1 Qb4
15. Bd2 Qb7 16. Na4 Nh5 17. Bc3 Bxc3 18. Nxc3 Ng3 19. Qg4 Nxh1 20. Rxh1 f5 21.
exf5 Rxf5 22. h4 Qc8 23. Qg3 d5 24. h5 Qe6 25. Re1 Qf6 26. Ne2 Rxh5 27. f5 Rg5
28. Qc7 Qd6 29. Qa5 Rxf5 30. Nd4 e6 31. Nxf5 exf5 32. Qc3 d4 33. Qb3+ Kf8 34.
Re6 Qd7 35. Rf6+ Kg7 36. Rd6 Qxd6 37. Qb7+ Kh6 38. Qxa8 c5 39. Qf3 Qe5 40. a4 a5
41. Qh3+ Kg7 42. Qb3 Qe1+ 43. Ka2 Qb4 44. Qxb4 cxb4 45. Kb3 Kf6 46. Kc4 Ke5 47.
b3 Ke4 48. Kb5 d3 49. cxd3+ Kxd3 50. Kxa5 Kc3 51. Kb5 Kxb3 52. a5 Kc3 53. a6 b3
54. a7 b2 55. a8=Q b1=Q+ 56. Kc5 Qb4+ {White resigns} 0-1

[Event "Team 45 45 League T41"]
[Site "Internet Chess Club"]
[Date "2009.06.07"]
[Round "6"]
[White "Emrebey"]
[Black "rookmaster23"]
[Result "1-0"]
[WhiteElo "1730"]
[BlackElo "1376"]
[Opening "English: Bremen, Smyslov system"]
[ECO "A22"]
[Time "15:02:52"]
[TimeControl "2700+45"]

1. c4 e5 2. Nc3 Nf6 3. g3 Bb4 4. Bg2 O-O 5. Nf3 Re8 6. O-O e4 7. Ng5 Bxc3 8.
dxc3 h6 9. Nh3 d6 10. Nf4 Nc6 11. Nd5 Be6 12. b3 a6 13. Nxf6+ Qxf6 14. Qc2 Bf5
15. Be3 Rad8 16. Rfd1 Qe6 17. Qd2 Rd7 18. Qd5 Qf6 19. b4 Re5 20. Qd2 Qe6 21. Bf4
e3 22. fxe3 Re4 23. Bxe4 Bxe4 24. Rf1 d5 25. c5 g5 26. Rad1 gxf4 27. exf4 Re7
28. a4 Qh3 29. Rf2 Re6 30. c4 Rg6 31. Qc3 h5 32. Rxd5 Bxd5 33. cxd5 h4 34. dxc6
hxg3 35. Qxg3 Rxg3+ 36. hxg3 Qxg3+ 37. Rg2 Qxg2+ 38. Kxg2 bxc6 39. Kf3 Kg7 40.
Ke3 Kf6 41. Kd4 Kf5 42. e3 f6 43. Kd3 Kg4 44. Ke4 f5+ 45. Ke5 Kf3 46. Kxf5 Kxe3
47. Ke6 Kxf4 48. Kd7 Ke4 49. Kxc7 Kd4 50. Kb6 Kc4 51. Kxa6 Kxb4 52. Kb6 Kxa4 53.
Kxc6 Ka5 54. Kb7 Kb5 55. c6 Kc5 56. c7 Kb5 57. c8=Q Ka5 58. Qc5+ Ka4 59. Qb6 Ka3
60. Kc6 Ka2 61. Kc5 Ka3 62. Kc4 Ka2 63. Kc3 {Black resigns} 1-0

[Event "Team 45 45 League T41"]
[Site "Internet Chess Club"]
[Date "2009.06.06"]
[Round "6"]
[White "PawnSensei"]
[Black "Visin"]
[Result "1-0"]
[WhiteElo "1442"]
[BlackElo "1225"]
[Opening "Sicilian: accelerated fianchetto, modern variation"]
[ECO "B34"]
[Time "13:37:05"]
[TimeControl "2700+45"]

1. e4 c5 2. Nf3 Nc6 3. d4 cxd4 4. Nxd4 g6 5. Nc3 Bg7 6. Be3 Qb6 7. Nb3 Qc7 8.
Qd2 Nf6 9. Be2 a6 10. Bh6 Bxh6 11. Qxh6 d6 12. Qg7 Rg8 13. Nd5 Rxg7 14. Nxc7+
Kd7 15. Nxa8 Nxe4 16. Nb6+ Kc7 17. Nxc8 Kxc8 18. O-O f5 19. Bf3 Ng5 20. Bxc6
bxc6 21. Rfe1 e5 22. Rad1 Rd7 23. c4 h5 24. c5 Ne4 25. f3 Nxc5 26. Nxc5 dxc5 27.
Rxd7 Kxd7 28. Rxe5 Kd6 29. Re8 c4 30. Rg8 Kd5 31. Rxg6 a5 32. Rg5 Kd4 33. Rxf5
c5 34. Rxh5 a4 35. Rh4+ Kd3 36. Kf2 c3 37. bxc3 Kxc3 38. Ke2 c4 39. Re4 {Black
resigns} 1-0

[Event "Team 45 45 League T41"]
[Site "Internet Chess Club"]
[Date "2009.06.06"]
[Round "6"]
[White "otib2006"]
[Black "BosqueVerde"]
[Result "1-0"]
[WhiteElo "1239"]
[BlackElo "1203"]
[Opening "Two knights defense"]
[ECO "C55"]
[Time "12:03:21"]
[TimeControl "2700+45"]

1. e4 e5 2. Nf3 Nc6 3. Bc4 Nf6 4. O-O Bc5 5. c3 O-O 6. d4 exd4 7. cxd4 Bb4 8. e5
Ne4 9. Bd5 Nxf2 10. Rxf2 Ne7 11. Bb3 d5 12. Bg5 Bf5 13. Nh4 Be4 14. Nf5 h6 15.
Bh4 Qd7 16. Nxe7+ Bxe7 17. Bxe7 Qxe7 18. Nc3 c6 19. Nxe4 dxe4 20. d5 Qxe5 21.
dxc6 bxc6 22. Qd7 Qh5 23. Qxc6 e3 24. Bxf7+ Rxf7 25. Qxa8+ Kh7 26. Qe4+ Kg8 27.
Qe8+ Kh7 28. Rxf7 e2 29. Rxg7+ Kxg7 30. Qxh5 {Black resigns} 1-0

[Event "Team 45 45 League T41"]
[Site "Internet Chess Club"]
[Date "2009.06.09"]
[Round "6"]
[White "musk6868"]
[Black "yellowpebble"]
[Result "0-1"]
[WhiteElo "1627"]
[BlackElo "1654"]
[Opening "Sicilian defense"]
[ECO "B33"]
[Time "20:33:04"]
[TimeControl "2700+45"]

1. e4 c5 2. Nf3 Nc6 3. d4 cxd4 4. Nxd4 Nf6 5. Nc3 a6 6. Nxc6 bxc6 7. e5 Ng8 8.
Qf3 e6 9. Bd3 Qc7 10. Bf4 Ne7 11. Ne4 Ng6 12. Ng5 Nxe5 13. Nxf7 Nxf3+ 14. gxf3
Qxf4 {White resigns} 0-1

[Event "Team 45 45 League T41"]
[Site "Internet Chess Club"]
[Date "2009.06.13"]
[Round "6"]
[White "badmove"]
[Black "ticopatzer"]
[Result "0-1"]
[WhiteElo "1558"]
[BlackElo "1541"]
[Opening "Sicilian: closed, 6.f4"]
[ECO "B25"]
[Time "10:01:30"]
[TimeControl "2700+45"]

1. e4 c5 2. Nc3 Nc6 3. g3 g6 4. Bg2 Bg7 5. d3 d6 6. f4 e6 7. Nf3 Nge7 8. O-O O-O
9. Be3 Nd4 10. Rb1 a6 11. Ne2 Nxf3+ 12. Bxf3 b5 13. e5 Rb8 14. exd6 Qxd6 15. c3
Nf5 16. Bf2 Bb7 17. Bxb7 Rxb7 18. d4 c4 19. b4 Qd5 20. g4 Nd6 21. Ng3 Rd8 22.
Be3 Ra7 23. Qf3 Qxf3 24. Rxf3 f5 25. g5 h6 26. h4 Rad7 27. Rf2 Nc8 28. Rd1 Nb6
29. Kf1 Nd5 30. Bd2 Kf7 31. Kg2 hxg5 32. hxg5 Rh8 33. Rh1 Rxh1 34. Kxh1 a5 35.
a3 axb4 36. axb4 Ra7 37. Kg1 Ra3 38. Ne2 Ra2 39. Ng3 Rc2 40. Nf1 Nxc3 41. Ne3
Rxd2 42. Rxd2 Bxd4 43. Rxd4 Ne2+ 44. Kf2 Nxd4 45. Ke1 Nc6 46. Nc2 e5 47. fxe5
Ke6 48. Ke2 Kxe5 49. Ke3 f4+ 50. Kf3 Kf5 51. Na3 Nxb4 52. Nxb5 Kxg5 53. Nc3 Kf5
54. Ne4 Ke5 55. Nd2 c3 56. Nb3 Nd3 57. Na1 Ne1+ 58. Ke2 c2 59. Nb3 Ng2 60. Nc1
Ne3 61. Nd3+ Kf5 62. Kf3 g5 63. Kf2 Ke4 64. Nc5+ Kd4 65. Nb3+ Kd3 66. Nc1+ Kd2
67. Nb3+ Kd1 68. Kg1 c1=Q 69. Nxc1 Kxc1 70. Kf2 Kd2 71. Kg1 Ke2 72. Kh1 f3 73.
Kg1 f2+ {White resigns} 0-1

[Event "Team 45 45 League T41"]
[Site "Internet Chess Club"]
[Date "2009.06.05"]
[Round "6"]
[White "medsurg"]
[Black "OOB1"]
[Result "0-1"]
[WhiteElo "1426"]
[BlackElo "1526"]
[Opening "Queen's gambit declined"]
[ECO "D30"]
[Time "22:20:09"]
[TimeControl "2700+45"]

1. d4 d5 2. c4 e6 3. Nf3 Nf6 4. e3 b6 5. cxd5 Nxd5 6. Bb5+ c6 7. Be2 Bd6 8. Nbd2
O-O 9. Ne4 Bc7 10. a3 Nf6 11. Qc2 Bb7 12. Bd3 Nbd7 13. Neg5 g6 14. Bd2 c5 15.
Bc3 cxd4 16. exd4 Rc8 17. Qe2 Nd5 18. Nxe6 fxe6 19. Bd2 Nf4 20. Bxf4 Bxf4 21.
O-O Bxf3 22. Qxe6+ Kg7 23. g3 Bg5 24. h4 Bxh4 {White resigns} 0-1

[Event "Team 45 45 League T41"]
[Site "Internet Chess Club"]
[Date "2009.06.06"]
[Round "6"]
[White "vaknight"]
[Black "Grenadier"]
[Result "1/2-1/2"]
[WhiteElo "1668"]
[BlackElo "1645"]
[Opening "Sicilian: Grand Prix attack"]
[ECO "B21"]
[Time "14:00:21"]
[TimeControl "2700+45"]

1. f4 c5 2. e4 Nc6 3. Nf3 g6 4. c3 Bg7 5. Be2 Nf6 6. d3 d6 7. Na3 Bd7 8. O-O Qb6
9. Nc4 Qc7 10. Ne3 O-O-O 11. Qc2 e5 12. Ng5 Rdf8 13. Nd5 Nxd5 14. exd5 Ne7 15.
fxe5 f6 16. exf6 Bxf6 17. Ne4 Nxd5 18. Nxf6 Rxf6 19. Bh6 Re8 20. Qd2 b5 21. Bf3
Bc6 22. Qg5 Re5 23. Qd2 Kb7 24. c4 Rxf3 25. Rxf3 Nb6 26. Rf6 Ka6 27. Bf4 Qe7 28.
Bxe5 Qxe5 29. cxb5+ Bxb5 30. Qf2 Bxd3 31. Re1 Qd5 32. b3 Bf5 33. Qe2+ Kb7 34.
Qe7+ Kc6 35. Qe3 Nd7 36. Rxf5 Qxf5 37. Qe4+ Qxe4 38. Rxe4 Ne5 39. Kf2 h5 40. h3
g5 41. Ke3 a5 42. Ra4 Kb5 43. Re4 Kc6 44. g3 Kb5 45. a4+ Kc6 46. Kd2 Kd5 47. Ke3
Kc6 48. Kd2 Kd5 49. Ke3 Kc6 {Game drawn by repetition} 1/2-1/2

[Event "Team 45 45 League T41"]
[Site "Internet Chess Club"]
[Date "2009.06.04"]
[Round "6"]
[White "blitzisbest"]
[Black "rayonline53"]
[Result "0-1"]
[WhiteElo "1574"]
[BlackElo "1529"]
[Opening "Pirc: classical (two knights) system"]
[ECO "B08"]
[Time "17:00:08"]
[TimeControl "2700+45"]

1. e4 d6 2. d4 Nf6 3. Nc3 g6 4. Nf3 Bg7 5. g3 O-O 6. Bg2 c5 7. d5 e5 8. Bg5 Nbd7
9. Qd2 a6 10. h4 b5 11. Qe2 Qb6 12. b3 Rb8 13. g4 Nxg4 14. h5 Ndf6 15. hxg6 fxg6
16. Qd2 Nh5 17. Nh2 Rxf2 18. Qxf2 Nxf2 19. Kxf2 Nf4 20. Raf1 c4+ 21. Ke1 Nxg2+
{White resigns} 0-1

[Event "Team 45 45 League T41"]
[Site "Internet Chess Club"]
[Date "2009.06.07"]
[Round "6"]
[White "Pawndemonium"]
[Black "GoIrish"]
[Result "1-0"]
[WhiteElo "1566"]
[BlackElo "1646"]
[Opening "Réti: King's Indian attack"]
[ECO "A05"]
[Time "21:00:15"]
[TimeControl "2700+45"]

1. Nf3 Nf6 2. g3 g6 3. Bg2 Bg7 4. O-O O-O 5. Nc3 d6 6. e4 e5 7. d3 h6 8. Be3 Nc6
9. Qd2 Ng4 10. Rae1 Ne7 11. d4 Nxe3 12. Qxe3 exd4 13. Nxd4 Nc6 14. Nxc6 bxc6 15.
Kh1 Ba6 16. Ne2 Kh7 17. c3 Re8 18. f3 d5 19. Qc5 Qd6 20. Qxd6 cxd6 21. Bh3 Rab8
22. Bd7 Re7 23. Bxc6 Rxb2 24. Rf2 Bxc3 25. Nxc3 Rxf2 26. Nxd5 Re5 27. f4 Rxd5
28. Bxd5 Kg7 29. Rc1 Rf1+ 30. Rxf1 Bxf1 31. Kg1 Bd3 32. Kf2 Kf6 33. Ke3 Bb5 34.
Kd4 Ke7 35. e5 Be8 36. Bc4 f5 37. e6 Bc6 38. Bd5 Bxd5 39. Kxd5 a5 40. a4 g5 41.
fxg5 hxg5 42. h3 f4 43. gxf4 gxf4 44. Ke4 Kxe6 45. Kxf4 d5 46. Ke3 Kd6 47. Kd4
Ke6 48. h4 Kf6 49. Kxd5 Kg6 50. Kc5 Kh5 51. Kb5 Kxh4 52. Kxa5 Kg5 53. Kb6 {Black
resigns} 1-0

[Event "Team 45 45 League T41"]
[Site "Internet Chess Club"]
[Date "2009.06.07"]
[Round "6"]
[White "scar99"]
[Black "SeniorCitizen"]
[Result "1-0"]
[WhiteElo "1582"]
[BlackElo "1325"]
[Opening "English opening"]
[ECO "A20"]
[Time "12:00:54"]
[TimeControl "2700+45"]

1. c4 e5 2. g3 Nf6 3. Bg2 Bc5 4. Nc3 O-O 5. e3 Re8 6. Nge2 c6 7. O-O d5 8. cxd5
cxd5 9. d4 exd4 10. Nxd4 Nc6 11. Nxc6 bxc6 12. Ne2 Ba6 13. Qc2 Bb6 14. b3 Qd7
15. Ba3 Qe6 16. Nf4 Qc8 17. Rfd1 Qc7 18. Rac1 {Black resigns} 1-0

[Event "Team 45 45 League T41"]
[Site "Internet Chess Club"]
[Date "2009.06.07"]
[Round "6"]
[White "SneakyRed"]
[Black "Ianjo"]
[Result "0-1"]
[WhiteElo "1902"]
[BlackElo "1872"]
[Opening "Robatsch (modern) defense"]
[ECO "B06"]
[Time "14:01:32"]
[TimeControl "2700+45"]

1. e4 g6 2. d4 Bg7 3. Be3 d6 4. Bd3 Nf6 5. Nf3 c6 6. c3 Bg4 7. Nbd2 Nbd7 8. h3
Bxf3 9. Nxf3 Qc7 10. Qd2 e5 11. Bh6 Bxh6 12. Qxh6 O-O-O 13. O-O d5 14. exd5 e4
15. dxc6 Qxc6 16. Ng5 exd3 17. Nxf7 Rhf8 18. Nxd8 Kxd8 19. Rfe1 Nd5 20. Re3 Nxe3
21. Qxe3 Qb5 22. b3 Re8 23. Qg3 d2 24. f3 Qe2 25. Qh4+ Re7 26. c4 Qe1+ 27. Rxe1
dxe1=Q+ 28. Qxe1 Rxe1+ 29. Kf2 Ra1 30. a4 Ra3 31. Ke3 Rxb3+ 32. Ke4 Rb4 33. a5
Rxc4 34. Kd5 Ra4 35. a6 Rxa6 {White resigns} 0-1

[Event "Team 45 45 League T41"]
[Site "Internet Chess Club"]
[Date "2009.06.10"]
[Round "6"]
[White "Frieloe"]
[Black "Rainbird"]
[Result "1-0"]
[WhiteElo "1900"]
[BlackElo "1716"]
[Opening "Alekhine's defense: exchange variation"]
[ECO "B03"]
[Time "11:18:57"]
[TimeControl "2700+45"]

1. e4 Nf6 2. e5 Nd5 3. d4 d6 4. c4 Nb6 5. exd6 cxd6 6. Nc3 g6 7. Be3 Bg7 8. Rc1
O-O 9. b3 e5 10. dxe5 dxe5 11. Qxd8 Rxd8 12. c5 N6d7 13. Nf3 Nc6 14. Bc4 Nf8 15.
Ng5 Be6 16. Nxe6 Nxe6 17. Bxe6 fxe6 18. Ne4 Nb4 19. Rc4 Nd3+ 20. Ke2 Bf8 21. Ng5
Nf4+ 22. Kf3 Rd3 23. g3 Nd5 24. Ke4 Nxe3 25. fxe3 Rd2 26. Nxe6 Re8 27. Nxf8 Rxf8
28. a3 Rff2 29. b4 Kf7 30. b5 Rc2 31. Rc1 Rxc1 32. Rxc1 Ke6 33. c6 bxc6 34. bxc6
Rf8 35. c7 Kd7 36. c8=Q+ Rxc8 37. Rxc8 Kxc8 38. Kxe5 {Black resigns} 1-0

[Event "Team 45 45 League T41"]
[Site "Internet Chess Club"]
[Date "2009.06.07"]
[Round "6"]
[White "azbycx"]
[Black "LuxAeterna"]
[Result "1/2-1/2"]
[WhiteElo "1792"]
[BlackElo "1798"]
[Opening "Queen's pawn"]
[ECO "A40"]
[Time "22:00:12"]
[TimeControl "2700+45"]

1. d4 c6 2. g3 d5 3. Bg2 Nf6 4. Nf3 g6 5. O-O Bg7 6. c4 dxc4 7. Ne5 Be6 8. Nc3
O-O 9. e4 Qc7 10. Bf4 Qa5 11. Qe2 Nh5 12. Nxc4 Qb4 13. d5 Nxf4 14. gxf4 cxd5 15.
Nxd5 Bxd5 16. exd5 Nd7 17. Ne5 Rad8 18. Nd3 Qb6 19. Rac1 Nf6 20. Qxe7 Nxd5 21.
Qc5 Bd4 22. Qxb6 Bxb6 {Game drawn by mutual agreement} 1/2-1/2

[Event "Team 45 45 League T41"]
[Site "Internet Chess Club"]
[Date "2009.06.07"]
[Round "6"]
[White "raimundo"]
[Black "Lionskins"]
[Result "1/2-1/2"]
[WhiteElo "1748"]
[BlackElo "1675"]
[Opening "Queen's pawn game"]
[ECO "A50"]
[Time "17:13:13"]
[TimeControl "2700+45"]

1. d4 Nf6 2. c4 c6 3. Nf3 h6 4. g3 Ne4 5. Bg2 Qa5+ 6. Nbd2 e6 7. O-O Nf6 8. e4
d6 9. a3 Nbd7 10. b4 Qc7 11. Bb2 g5 12. e5 dxe5 13. dxe5 Ng4 14. Nxg5 Ngxe5 15.
Nxe6 fxe6 16. Qh5+ Kd8 17. f4 Qb6+ 18. c5 Bxc5+ 19. Kh1 Bd4 20. fxe5 Bxb2 21.
Nc4 Qd4 22. Nxb2 Qxb2 23. Qh4+ Kc7 24. Qe7 Qxe5 25. Rad1 Kb6 26. Rfe1 Qh5 27. b5
Re8 28. Qd6 Qc5 29. Qf4 Qg5 30. Qf2+ c5 31. a4 Kc7 32. Qf7 Re7 33. Qf3 Ne5 34.
Qc3 Ng4 35. Rc1 Rb8 36. h3 Nf6 37. Re5 Qg7 38. Qxc5+ Kd8 39. Qxa7 Nd7 40. Re2
Qxg3 41. Rd2 Qf4 42. Rcd1 Ke8 43. Rd4 Qc7 44. b6 Qxb6 45. Qxb6 Nxb6 46. Rd8+ Kf7
47. Rf1+ Kg7 48. Rff8 Rf7 49. Rg8+ Kf6 50. a5 Nc4 51. a6 bxa6 52. Rxc8 Rb1+ 53.
Kh2 Ne3 54. Rg3 Nf1+ 55. Bxf1 Rxf1 56. Ra3 Kg7 57. Rc6 Ra7 58. Rxe6 Rf6 59. Re5
Rd7 60. Rea5 Rd2+ 61. Kg3 Rdd6 62. h4 Rg6+ 63. Kh3 Rdf6 64. R5a4 h5 65. Ra5 Kh6
66. Rd5 Kg7 67. Rxh5 Rh6 68. Rg5+ Rfg6 69. Rga5 Re6 70. Rg5+ Rhg6 71. Rga5 {Game
drawn by mutual agreement} 1/2-1/2

[Event "Team 45 45 League T41"]
[Site "Internet Chess Club"]
[Date "2009.06.07"]
[Round "6"]
[White "mfeatherston"]
[Black "Ickabod"]
[Result "1-0"]
[WhiteElo "1893"]
[BlackElo "1810"]
[Opening "King's pawn opening"]
[ECO "B07"]
[Time "09:02:05"]
[TimeControl "2700+45"]

1. e4 d6 2. d4 c6 3. Bd3 Nd7 4. Nf3 e5 5. O-O Be7 6. Be3 Ngf6 7. c3 O-O 8. h3 h6
9. Nbd2 Qc7 10. Qc2 b5 11. a4 c5 12. axb5 cxd4 13. cxd4 Qxc2 14. Bxc2 Bb7 15. d5
a6 16. Bd3 axb5 17. Bxb5 Rfc8 18. b4 Bd8 19. Nh4 Bc7 20. Nf5 h5 21. Ne7+ Kf8 22.
Nxc8 Rxc8 23. Ra7 Rb8 24. Bc6 Bxc6 25. dxc6 Bb6 26. Bxb6 Nxb6 27. Rfa1 d5 28.
Rb7 Rxb7 29. cxb7 Nfd7 30. exd5 Nb8 31. d6 f6 32. Ra8 Nd7 33. Nc4 Kf7 34. Nb6
{Black resigns} 1-0

[Event "Team 45 45 League T41"]
[Site "Internet Chess Club"]
[Date "2009.06.05"]
[Round "6"]
[White "MOchess-boy"]
[Black "BigC"]
[Result "1-0"]
[WhiteElo "1797"]
[BlackElo "1912"]
[Opening "QGD: exchange, positional line"]
[ECO "D35"]
[Time "18:00:40"]
[TimeControl "2700+45"]

1. d4 d5 2. c4 e6 3. Nc3 Nf6 4. cxd5 exd5 5. Bg5 Nbd7 6. Nf3 Bb4 7. Qc2 c5 8. e3
Qa5 9. Be2 Ne4 10. O-O Bxc3 11. bxc3 Qxc3 12. Qa4 Nxg5 13. Nxg5 cxd4 14. Rac1
Qb2 15. Bb5 Ke7 16. Rc2 Qxc2 17. Qxc2 dxe3 18. Bxd7 Bxd7 19. Qc5+ Ke8 20. Qxe3+
Kf8 21. Re1 Re8 22. Qa3+ Kg8 23. Rxe8+ Bxe8 24. Qe7 {Black resigns} 1-0

[Event "Team 45 45 League T41"]
[Site "Internet Chess Club"]
[Date "2009.06.07"]
[Round "6"]
[White "MRX"]
[Black "tsia68"]
[Result "0-1"]
[WhiteElo "1750"]
[BlackElo "1924"]
[Opening "French: Burn variation"]
[ECO "C11"]
[Time "13:03:11"]
[TimeControl "2700+45"]

1. e4 e6 2. d4 d5 3. Nc3 Nf6 4. Bg5 dxe4 5. Bxf6 gxf6 6. Nxe4 Be7 7. Nf3 c6 8.
Bd3 Nd7 9. Qe2 Qa5+ 10. c3 f5 11. Ng3 Nf6 12. O-O O-O 13. Nxf5 Bd8 14. Ne3 Qh5
15. Ne5 Qxe2 16. Bxe2 Nd5 17. Nxd5 cxd5 18. Bb5 f6 19. Nf3 a6 20. Bd3 Bd7 21.
Rfe1 Bc7 22. Re2 b5 23. a3 a5 24. b4 axb4 25. axb4 Rxa1+ {White resigns} 0-1

[Event "Team 45 45 League T41"]
[Site "Internet Chess Club"]
[Date "2009.06.08"]
[Round "6"]
[White "room-matt"]
[Black "viking99"]
[Result "1-0"]
[WhiteElo "1792"]
[BlackElo "1847"]
[Opening "French: Winawer, advance, poisoned pawn variation"]
[ECO "C18"]
[Time "14:02:19"]
[TimeControl "2700+45"]

1. e4 e6 2. d4 d5 3. Nc3 Bb4 4. e5 c5 5. a3 Bxc3+ 6. bxc3 Ne7 7. Qg4 Qa5 8. Bd2
Qa4 9. Kd1 g6 10. Nf3 Nbc6 11. Bd3 Bd7 12. Bg5 cxd4 13. Bf6 Rg8 14. Bxe7 Nxe7
15. cxd4 O-O-O 16. Kd2 Qa5+ 17. c3 h6 18. Rhc1 Nf5 19. h4 Kb8 20. Ng1 Rc8 21.
Ne2 Rc7 22. Bxf5 exf5 23. Qf3 Rc4 24. Qe3 g5 25. h5 f4 26. Qd3 Rgc8 27. Qh7 Bg4
28. f3 Bxh5 29. Qxh6 Bg6 30. Qxg5 Ra4 31. Qxf4 Rxa3 32. Rxa3 Qxa3 33. e6+ Ka8
34. exf7 Qe7 35. Qe5 Qxf7 36. Nf4 Re8 37. Qd6 Bh7 38. Nxd5 Rc8 39. Ra1 b5 40.
Nb6+ Kb7 41. Nxc8 Kxc8 42. Qc6+ Qc7 43. Qxc7+ Kxc7 44. Rxa7+ {Black resigns} 1-0

[Event "Team 45 45 League T41"]
[Site "Internet Chess Club"]
[Date "2009.06.07"]
[Round "6"]
[White "Konstantinos"]
[Black "Kingofknights"]
[Result "1/2-1/2"]
[WhiteElo "1692"]
[BlackElo "1705"]
[Opening "QGD Slav defense"]
[ECO "D10"]
[Time "13:00:10"]
[TimeControl "2700+45"]

1. d4 d5 2. c4 c6 3. e3 Nf6 4. Nc3 a6 5. Nf3 Nbd7 6. Be2 dxc4 7. Bxc4 e6 8. O-O
b5 9. Be2 Bb7 10. b3 Be7 11. Bb2 c5 12. Rc1 cxd4 13. Nxd4 O-O 14. Bf3 Qb6 15.
Bxb7 Qxb7 16. Qf3 Rab8 17. Rfd1 Rfd8 18. Qxb7 Rxb7 19. Nf3 Nb6 20. Rxd8+ Bxd8
21. Rd1 Rd7 22. Rxd7 Nbxd7 23. Kf1 Nc5 24. Ke2 b4 25. Nb1 Nd5 26. Bd4 Bb6 27.
Nfd2 Nd7 28. Kd3 e5 29. Bxb6 N5xb6 30. Nc4 f6 31. Nxb6 Nxb6 32. a3 a5 33. axb4
axb4 34. Nd2 Kf7 35. e4 Ke6 36. Nc4 Nd7 37. Nd2 Nb6 38. Nc4 Nd7 39. Nd2 Nb6
{Game drawn by repetition} 1/2-1/2

[Event "Team 45 45 League T41"]
[Site "Internet Chess Club"]
[Date "2009.06.08"]
[Round "6"]
[White "upsan"]
[Black "Despair"]
[Result "0-1"]
[WhiteElo "1835"]
[BlackElo "1951"]
[Opening "Alekhine's defense: four pawns attack, Trifunovic variation"]
[ECO "B03"]
[Time "08:33:33"]
[TimeControl "2700+45"]

1. e4 Nf6 2. e5 Nd5 3. d4 d6 4. c4 Nb6 5. f4 Bf5 6. Nc3 dxe5 7. fxe5 Nc6 8. Nf3
Nb4 9. Nh4 Nc2+ 10. Kf2 Nxa1 11. Nxf5 e6 12. Ng3 Bb4 13. Be3 c5 14. a3 cxd4 15.
axb4 dxe3+ 16. Kxe3 Qxd1 17. Nxd1 Nc2+ {White resigns} 0-1

[Event "Team 45 45 League T41"]
[Site "Internet Chess Club"]
[Date "2009.06.05"]
[Round "6"]
[White "makramkozman"]
[Black "qs16"]
[Result "1-0"]
[WhiteElo "1765"]
[BlackElo "1756"]
[Opening "Modern defense: Averbakh system"]
[ECO "A40"]
[Time "08:01:05"]
[TimeControl "2700+45"]

1. d4 g6 2. c4 Bg7 3. e4 d6 4. Nc3 c6 5. Nf3 Bg4 6. Be2 Qb6 7. d5 Nf6 8. O-O O-O
9. Rb1 Nbd7 10. b4 Nxd5 11. Nxd5 cxd5 12. exd5 Rac8 13. Be3 Qc7 14. Rc1 b6 15.
Nd4 Bxe2 16. Qxe2 Ne5 17. Nb5 Qb7 18. a4 Rfe8 19. Rfd1 Qd7 20. h3 a6 21. Nc3
Nxc4 22. Bd4 Qf5 23. Bxg7 Kxg7 24. Rd4 Qf6 25. Rxc4 Qg5 26. Rd1 Qf5 27. Rdd4
{Black forfeits on time} 1-0

[Event "Team 45 45 League T41"]
[Site "Internet Chess Club"]
[Date "2009.06.05"]
[Round "6"]
[White "rom1"]
[Black "quotha"]
[Result "1/2-1/2"]
[WhiteElo "1603"]
[BlackElo "1674"]
[Opening "Benoni: 6.e4"]
[ECO "A65"]
[Time "15:10:05"]
[TimeControl "2700+45"]

1. d4 e6 2. c4 c5 3. d5 exd5 4. cxd5 d6 5. e4 Nf6 6. Nc3 Be7 7. Bd3 Nbd7 8. Nf3
a6 9. a4 O-O 10. O-O Nb6 11. h3 c4 12. Be2 Qc7 13. Be3 Nbd7 14. Bd4 Re8 15. Nd2
Nc5 16. Nxc4 Nfxe4 17. Nxe4 Nxe4 18. Nb6 Rb8 19. Rc1 Qd8 20. Bd3 Bf5 21. Re1 Bf6
22. Bxf6 Qxb6 23. Qf3 Nxf2 24. Qxf2 Rxe1+ 25. Rxe1 Qxf2+ 26. Kxf2 Bxd3 27. Be7
f5 28. Bxd6 Rd8 29. Bb4 Rxd5 30. Re8+ Kf7 31. Re7+ Kg6 32. Rxb7 Be4 33. Bc3 Rd2+
34. Bxd2 Bxb7 35. b4 Kf7 36. g3 h6 37. h4 Kf6 38. Bc3+ Kg6 39. Ke3 Kf7 40. Kf4
g6 41. Ke5 Be4 42. Kd6 g5 43. hxg5 hxg5 44. Ke5 Kg6 45. b5 axb5 46. axb5 Kh5 47.
b6 Kg4 48. Be1 {Game drawn by mutual agreement} 1/2-1/2

[Event "Team 45 45 League T41"]
[Site "Internet Chess Club"]
[Date "2009.06.04"]
[Round "6"]
[White "pelayo"]
[Black "oldsj"]
[Result "0-1"]
[WhiteElo "1617"]
[BlackElo "1644"]
[Opening "English opening"]
[ECO "A05"]
[Time "18:04:04"]
[TimeControl "2700+45"]

1. Nf3 Nf6 2. c4 g6 3. b3 Bg7 4. Bb2 O-O 5. g3 d6 6. Bg2 e5 7. d3 Nc6 8. O-O Nh5
9. e4 f5 10. exf5 Bxf5 11. h3 Bd7 12. a3 e4 13. Bxg7 exf3 14. Bxf8 fxg2 15. Kxg2
Qxf8 16. Nc3 Nd4 17. f4 Qf5 18. g4 Nxf4+ 19. Kg3 Qe5 20. Qe1 Nfe2+ 21. Kh4 g5+
22. Kh5 Be8+ {White resigns} 0-1

[Event "Team 45 45 League T41"]
[Site "Internet Chess Club"]
[Date "2009.06.07"]
[Round "6"]
[White "Harmonicus"]
[Black "kabindra"]
[Result "1-0"]
[WhiteElo "1879"]
[BlackElo "1776"]
[Opening "Bishop's opening: Classical variation"]
[ECO "C23"]
[Time "10:02:49"]
[TimeControl "2700+45"]

1. e4 e5 2. Bc4 Bc5 3. Nc3 Nf6 4. d3 h6 5. f4 d5 6. Nxd5 Nxd5 7. Bxd5 c6 8. Bb3
Qb6 9. Nf3 Bf2+ 10. Ke2 exf4 11. Bxf4 Bg4 12. Qd2 Bd4 13. Be3 c5 14. Bxd4 cxd4
15. Raf1 O-O 16. Kd1 Nc6 17. Kc1 a5 18. Qf2 Be6 19. Bxe6 fxe6 20. a3 Qc5 21. Qg3
b5 22. Nd2 a4 23. Rxf8+ Rxf8 24. Rf1 Rxf1+ 25. Nxf1 b4 26. Qg6 Qd6 27. axb4 Qf4+
28. Nd2 Nxb4 29. Qxe6+ Kf8 30. Qc8+ Kf7 31. Qb7+ Kg8 32. Qxb4 Qe3 33. c3 dxc3
34. Qxc3 Qg1+ 35. Kc2 Qxg2 36. Qc8+ Kh7 37. Qf5+ Kg8 38. Qf4 Qe2 39. e5 Qe1 40.
Qe4 Qa1 41. e6 {Black resigns} 1-0